 Dungeon Crawl Stone Soup version 0.24-a0-789-g35933f4585 (webtiles) character file.

Game seed: 7343548073127496219, levelgen mode: deterministic

12763 Gumption the Arsonist (level 11, -1/92 HPs)
             Began as a Green Draconian Fire Elementalist on Oct 10, 2019.
             Was an Elder of Sif Muna.
             Slain by an unseen horror (4 damage)
             ... on level 11 of the Dungeon.
             The game lasted 02:26:21 (17817 turns).

Gumption the Arsonist (DrFE)                       Turns: 17817, Time: 02:26:22

Health: -1/92      AC:  9    Str: 16    XL:     11   Next: 66%
Magic:  17/23      EV: 15    Int: 18    God:    Sif Muna [****..]
Gold:   585        SH:  0    Dex: 12    Spells: 7/26 levels left

rFire    + . .     SeeInvis .   a - +1 trident
rCold    . . .     Gourm    .   (no shield)
rNeg     . . .     Faith    .   (armour unavailable)
rPois    +         Spirit   .   (helmet restricted)
rElec    +         Reflect  .   w - +0 cloak
rCorr    .         Harm     .   (no gloves)
MR       +....                  L - +0 pair of boots
Stlth    ++........             (no amulet)
HPRegen  0.25/turn              P - ring "Jarom" {rElec rF+ MR+}
MPRegen  0.18/turn              l - +2 ring of slaying

@: mighty, lightly drained
A: breathe noxious fumes, unfitting armour, poison resistance, cold-blooded, AC
+7
a: Breathe Noxious Fumes, Channel Magic, Forget Spell, Divine Exegesis, Renounce
Religion


You were on level 11 of the Dungeon.
You worshipped Sif Muna.
Sif Muna was greatly pleased with you.
You were not hungry.

You visited 2 branches of the dungeon, and saw 12 of its levels.
You also visited: Sewer.

You collected 585 gold pieces.

Inventory:

Hand Weapons
 a - a +1 trident (weapon)
 b - a +0 hunting sling
 D - a +1 spear
Missiles
 d - 502 stones
 h - 11 sling bullets
 m - 48 poisoned darts (quivered)
 s - 12 boomerangs
 x - 5 silver boomerangs
 H - 4 curare-tipped darts
Armour
 w - a +0 cloak (worn)
 L - a +0 pair of boots (worn)
Jewellery
 f - a +3 ring of intelligence
 l - a +2 ring of slaying (right hand)
 A - a +3 ring of dexterity
 E - an uncursed ring of positive energy
 G - an uncursed ring of resist corrosion
 O - an uncursed ring of stealth
 P - the ring "Jarom" (left hand) {rElec rF+ MR+}
   (You found it on level 10 of the Dungeon)

   [ring of protection from fire]

   It protects you from fire.
   It insulates you from electricity.
   It affects your resistance to hostile enchantments.
Wands
 j - a wand of disintegration (11)
 y - a wand of digging (5)
 I - a wand of random effects (21)
 J - a wand of flame (15)
Scrolls
 e - 4 scrolls of remove curse
 q - 2 scrolls of blinking
 v - a scroll of fear
 C - 5 scrolls of identify
 F - a scroll of immolation
 N - a scroll of summoning {unknown}
Potions
 c - 2 potions of resistance {unknown}
 i - 2 potions of might
 k - a potion of flight
 n - 2 potions of mutation
 o - a potion of haste
 p - 4 potions of curing
 r - 2 potions of lignification
 t - a potion of magic
 z - a potion of brilliance
 B - 2 potions of agility {unknown}
 K - a potion of ambrosia {unknown}
Miscellaneous
 M - a lightning rod (1/4)
Comestibles
 g - 26 rations
 u - 2 chunks of flesh


   Skills:
 + Level 7.2(7.0) Fighting
 + Level 6.1(5.8) Polearms
 + Level 6.0(5.7) Dodging
 - Level 1.7(1.5) Stealth
 + Level 8.0(7.7) Spellcasting
 - Level 8.0(7.7) Conjurations
 - Level 5.0(4.8) Hexes
 - Level 8.0(7.7) Fire Magic
 - Level 2.0(1.7) Air Magic
 + Level 3.6(3.4) Poison Magic


You had 7 spell levels left.
You knew the following spells:

 Your Spells              Type           Power        Failure   Level  Hunger
a - Flame Tongue          Conj/Fire      ####.        1%          1    None
b - Sticky Flame          Conj/Fire      ####....     4%          4    ###....
c - Conjure Flame         Conj/Fire      ####....     1%          3    #......
d - Fireball              Conj/Fire      ####......   12%         5    #####..
e - Confusing Touch       Hex            ###...       1%          1    None
f - Mephitic Cloud        Conj/Pois/Air  ###.....     4%          3    #......
g - Poisonous Vapours     Pois/Air       ###...       5%          2    None

Your spell library contained the following spells:

 Spells                   Type           Power        Failure   Level  Hunger
 Sting                    Conj/Pois      ####         1%          1    None
 Throw Flame              Conj/Fire      ####..       1%          2    None
 Inner Flame              Hex/Fire       ####....     2%          3    #......
 Throw Frost              Conj/Ice       ###...       3%          2    None
 Confuse                  Hex            ###.....     4%          3    #......
 Ensorcelled Hibernation  Hex/Ice        ###...       5%          2    None
 Animate Skeleton         Necr           N/A          10%         1    None
 Apportation              Tloc           #.....       10%         1    None
 Freeze                   Ice            #...         10%         1    None
 Summon Small Mammal      Summ           #...         10%         1    None
 Throw Icicle             Conj/Ice       ###.....     21%         4    ###....
 Olgreb's Toxic Radiance  Pois           ###.....     24%         4    ###....
 Venom Bolt               Conj/Pois      ####......   28%         5    #####..
 Gell's Gravitas          Tloc           #.........   30%         3    #......
 Ozocubu's Armour         Chrm/Ice       #.......     30%         3    #......
 Vampiric Draining        Necr           #.........   30%         3    #......
 Ice Form                 Ice/Tmut       #.......     69%         4    ###....
 Petrify                  Tmut/Erth      #.......     69%         4    ###....
 Summon Ice Beast         Ice/Summ       #.......     69%         4    ###....
 Metabolic Englaciation   Hex/Ice        ###.......   71%         5    #####..
 Yara's Violent Unravell  Hex/Tmut       ###.......   71%         5    #####..
 Alistair's Intoxication  Tmut/Pois      ##......     80%         5    #####..
 Dispel Undead            Necr           #.......     95%         5    #####..


Dungeon Overview and Level Annotations

Branches:
Dungeon (11/15)            Temple (1/1) D:4            Lair (0/6) D:11
    Orc (0/2) D:9           Sewer (visited)

Altars:
Ashenzari
Cheibriados
Dithmenos
Elyvilon
Fedhas
Gozag
Hepliaklqana
Kikubaaqudgha
Makhleb
Nemelex Xobeh
Okawaru
Qazlal
Ru
Sif Muna
Trog
Uskayaw
Vehumet
Wu Jian
Xom
Yredelemnul
Zin
The Shining One

Annotations:
D:6 exclusions: door and 1 more exclusion, Eustachio


Innate Abilities, Weirdness & Mutations

You can breathe blasts of noxious fumes.
Your lurid green scales are hard. (AC +7)
You cannot fit into any form of body armour.
Your system is resistant to poisons. (rPois)
You are cold-blooded and may be slowed by cold attacks.


Message History

Something hits you!
You hit something. Something completely misses you.
Something hits you but does no damage.
You hit something but do no damage.
Your tail-slap misses something.
Something hits you!
* * * LOW HITPOINT WARNING * * *
Something closely misses you.
You hit something. Something hits you.
* * * LOW HITPOINT WARNING * * *
Something hits you!
* * * LOW HITPOINT WARNING * * *
You closely miss something. Something hits you.
* * * LOW HITPOINT WARNING * * *
Something hits you!
* * * LOW HITPOINT WARNING * * *
You miss something. Something closely misses you.
Something hits you but does no damage.
You feel very mighty all of a sudden. Something hits you.
You die...

#.. ..........#.#.....♣
#... ............PP....
####.. #.....####....P..
#)....# ##....####......P
.....###.......#.......
#..................).
#####..#.>...###........
#........#.....####.##...
#......#@##.....###......
#......#{##............)#
#......#§##.#....#..#....
#.%......................
#.......#.#..............
#.......#..)##...........
.......(...###.###......
########.....#.# #÷.....
###.#)..###......


There were no monsters in sight!

Vanquished Creatures
  A hydra (D:10)
  2 two-headed ogres
  The ghost of confidenceinterval the Martial Artist, a novice GnTm of Okawaru (D:9)
  An unseen horror (D:10)
  A manticore (D:11)
  A cyclops (D:11)
  2 trolls
  A hippogriff (D:9)
  A vampire (D:7)
  A shadow (D:11)
  2 basilisks (D:11)
  A steam dragon (D:6)
  2 hungry ghosts
  A soldier ant (D:10)
  3 porcupines (D:11)
  Duvessa (D:7)
  2 ice beasts (D:11)
  A swamp drake (D:9)
  5 black bears
  3 orc warriors
  2 sky beasts
  Purgy (Sewer)
  2 necrophages (D:10)
  2 phantoms
  A wolf (D:11)
  7 ogres
  4 centaurs
  3 crocodiles
  5 big kobolds
  The ghost of Amen the Conjurer, an amateur DECj (D:4)
  6 bullfrogs
  A gnoll sergeant (D:8)
  A wyvern zombie (D:11)
  2 wyvern skeletons
  Dowan (D:7)
  4 scorpions
  6 killer bees
  6 wights
  4 howler monkeys (D:8)
  9 crimson imps
  A quasit (D:10)
  A bullfrog zombie (D:7)
  4 bullfrog skeletons
  5 hounds
  4 jellies
  20 orc wizards
  5 orc priests
  A gnoll shaman (D:6)
  4 iguanas
  2 centaur skeletons
  4 worker ants
  A hound zombie (D:7)
  2 hound skeletons
  A worker ant zombie (D:8)
  11 adders
  10 gnolls
  3 shadow imps
  An adder skeleton (D:7)
  An adder zombie (D:7)
  7 worms
  3 dart slugs
  7 leopard geckos
  46 orcs
  9 giant cockroaches
  10 goblins
  13 hobgoblins
  18 jackals
  5 quokkas
  6 bats
  8 frilled lizards
  A giant cockroach zombie (D:6)
  36 kobolds
  A leopard gecko zombie (D:6)
  3 rats
355 creatures vanquished.

Vanquished Creatures (others)
  A fungus (D:11)
  2 plants (D:11)
3 creatures vanquished.

Grand Total: 358 creatures vanquished

Notes
Turn   | Place    | Note
-------+----------+-------------------------------------------
     0 | D:1      | Gumption the Draconian Fire Elementalist began the quest
                  | for the Orb.
     0 | D:1      | Reached XP level 1. HP: 14/14 MP: 3/3
   289 | D:1      | Reached XP level 2. HP: 2/20 MP: 0/5
  1035 | D:1      | Reached XP level 3. HP: 23/26 MP: 2/6
  1374 | D:1      | Learned a level 3 spell: Conjure Flame
  1901 | D:2      | Reached XP level 4. HP: 33/33 MP: 3/7
  1907 | D:2      | Learned a level 4 spell: Sticky Flame
  2539 | D:2      | Found a stormy altar of Qazlal.
  2917 | D:3      | Reached XP level 5. HP: 30/38 MP: 4/9
  2921 | D:3      | Noticed a centaur
  2929 | D:3      | Killed a centaur
  3277 | D:3      | Found a shimmering altar of Xom.
  3277 | D:3      | Found a shimmering altar of Xom.
  3278 | D:3      | Found a shimmering altar of Xom.
  3279 | D:3      | Found a shimmering altar of Xom.
  3279 | D:3      | Found a shimmering altar of Xom.
  3492 | D:3      | Reached XP level 6. HP: 2/45 MP: 0/10
  3936 | D:3      | Reached skill level 5 in Fire Magic
  4043 | D:3      | Found a glowing silver altar of Zin.
  4585 | D:4      | Found a staircase to the Ecumenical Temple.
  4599 | Temple   | Entered the Ecumenical Temple
  4752 | Temple   | Became a worshipper of Sif Muna the Loreminder
  4847 | D:4      | Found a runed translucent door.
  4854 | D:4      | Noticed Amen's ghost (amateur DECj)
  4862 | D:4      | Killed Amen's ghost
  4959 | D:4      | Found a glowing drain.
  4980 | Sewer    | Entered a sewer
  5207 | Sewer    | Noticed Purgy
  5220 | Sewer    | Killed Purgy
  5220 | Sewer    | Your scales start taking on a lurid green colour.
  5220 | Sewer    | Reached XP level 7. HP: 40/50 MP: 4/12
  5220 | Sewer    | Gained mutation: Your system is resistant to poisons.
                  | (rPois) [Green Draconian growth]
  5301 | Sewer    | Learned a level 5 spell: Fireball
  5522 | D:4      | Found a shadowy altar of Dithmenos.
  5593 | D:4      | Found a snail-covered altar of Cheibriados.
  5593 | D:4      | Found a sacrificial altar of Ru.
  5850 | D:5      | Entered Level 5 of the Dungeon
  5859 | D:5      | Reached skill level 5 in Conjurations
  5979 | D:5      | Found an iron altar of Okawaru.
  6188 | D:5      | Reached * piety under Sif Muna
  7146 | D:6      | Reached XP level 8. HP: 27/57 MP: 5/14
  7458 | D:6      | Noticed Eustachio
  7479 | D:6      | Found a glowing golden altar of the Shining One.
  8591 | D:6      | Reached skill level 5 in Spellcasting
  8594 | D:6      | Reached ** piety under Sif Muna
  8714 | D:6      | Reached skill level 1 in Fighting
  8953 | D:7      | Reached XP level 9. HP: 64/64 MP: 6/16
  9228 | D:7      | Noticed Duvessa
  9228 | D:7      | Noticed Dowan
  9233 | D:7      | Killed Dowan
  9238 | D:7      | Killed Duvessa
  9447 | D:7      | Learned a level 1 spell: Confusing Touch
  9844 | D:7      | Reached skill level 1 in Hexes
  9963 | D:7      | Noticed a troll
  9988 | D:7      | Killed a troll
  9988 | D:7      | Reached skill level 1 in Polearms
 10805 | D:7      | Reached *** piety under Sif Muna
 11543 | D:8      | Reached XP level 10. HP: 79/79 MP: 9/19
 11699 | D:8      | Found a hide-covered altar of Uskayaw.
 11740 | D:8      | Identified the Disquisition on the Glacier
 11750 | D:8      | You fall into a shaft and drop 1 floor!
 12069 | D:9      | Noticed a two-headed ogre
 12082 | D:9      | Killed a two-headed ogre
 12582 | D:9      | Reached **** piety under Sif Muna
 12585 | D:9      | Reached skill level 5 in Fighting
 12861 | D:9      | Found a staircase to the Orcish Mines.
 14016 | D:10     | Entered Level 10 of the Dungeon
 14381 | D:10     | Noticed an eight-headed hydra
 14402 | D:10     | Killed an eight-headed hydra
 14402 | D:10     | Reached skill level 5 in Dodging
 14624 | D:10     | Reached XP level 11. HP: 89/89 MP: 14/21
 14868 | D:10     | Reached skill level 5 in Polearms
 14925 | D:10     | Found a runed translucent door.
 15022 | D:10     | Noticed a two-headed ogre
 15032 | D:10     | Killed a two-headed ogre
 15032 | D:10     | Reached ***** piety under Sif Muna
 15032 | D:10     | Received a gift from Sif Muna
 15032 | D:10     | Reached skill level 5 in Hexes
 15043 | D:10     | Learned a level 3 spell: Mephitic Cloud
 15244 | D:10     | Killed an unseen horror
 15667 | D:10     | Reached skill level 1 in Poison Magic
 15844 | D:10     | Learned a level 2 spell: Poisonous Vapours
 15883 | D:10     | Identified the Tome of Venomous Evil
 16093 | D:10     | Noticed confidenceinterval's ghost (novice GnTm)
 16221 | D:9      | Killed confidenceinterval's ghost
 16221 | D:9      | Reached skill level 1 in Air Magic
 16464 | D:10     | Got a brightly glowing granite ring
 16466 | D:10     | Identified the ring "Jarom" {rElec rF+ MR+} (You found it
                  | on level 10 of the Dungeon)
 16627 | D:11     | Found a staircase to the Lair.
 17815 | D:11     | HP: 3/92 [something (9)]
 17817 | D:11     | Slain by an unseen horror

Levels and vault maps discovered:
D:1:      scummos_arrival_forest, layout_basic
D:2:      layout_basic, lemuel_crystal_altar, minmay_heptomino_h4
D:3:      layout_basic, nicolae_overflow_crystal_walls, xom_redecorated,
          serial_co_window_serial, co_window_paths_a, co_window_paths_a,
          co_window_of_opportunity_a, co_window_corner_a, co_window_corner_a,
          co_window_paths_b, co_window_paths_a, co_window_2corner,
          co_window_2corner, glass_columns_a
D:4:      layout_rooms, minitemple, minmay_temple_entry_overgrown,
          ebering_ghost_sewer_d, cheibrodos_sewer_entry_bend,
          grunt_decor_clamped
D:5:      layout_basic, okawaru_ov_weapons_minmay, first_ration
D:6:      minmay_flawed_box, layout_gridville, nicolae_tso_carved_into_rock,
          kb_rosetta, uniq_eustachio
D:7:      minmay_chambers_of_fours, layout_basic, uniq_duvessa
D:8:      layout_rooms, eat_drink_and_be_merry_uskayaw, enter_ossuary_1
D:9:      layout_roguey, erik_orc_1, blue_anna_alchemist
          [blue_anna_fruit_fields, blue_anna_fruit_fields],
          minmay_fractal_squares_gapless_5
D:10:     layout_stronghold, ebering_ghost_reflecting_pool, minivault_20,
          fountainhead, kennysheep_generic_room_7
D:11:     layout_rooms, minmay_lair_entry_grove
Temple:   dshaligram_water_room_temple

Skill      XL: |  1  2  3  4  5  6  7  8  9 10 11 |
---------------+----------------------------------+-----
Conjurations   | 2 3 4 5 7 8 |  8.0
Fire Magic     | 4 5 6 8 |  8.0
Spellcasting   | 3 4 5 6 7 8 |  8.0
Fighting       | 1 4 6 7 |  7.2
Hexes          | 2 4 5 |  5.0
Polearms       | 2 4 6 |  6.1
Dodging        | 3 5 6 |  6.0
Poison Magic   | 3 |  3.6
Air Magic      | 2 |  2.0
Stealth        | |  1.7

Action                   |  1- 3 |  4- 6 |  7- 9 | 10-12 || total
-------------------------+-------+-------+-------+-------++-------
Melee: Spear             |    18 |    53 |    68 |    20 ||   159
       Tailslap          |     1 |     2 |     1 |     8 ||    12
       Trident           |       |       |       |    61 ||    61
 Fire: Hunting sling     |       |       |   104 |    42 ||   146
Throw: Dart              |    20 |    74 |    46 |    57 ||   197
 Cast: Flame Tongue      |    60 |   118 |   299 |   394 ||   871
       Conjure Flame     |       |     1 |     5 |     9 ||    15
       Sticky Flame      |       |     1 |    13 |    29 ||    43
       Confusing Touch   |       |       |     3 |     8 ||    11
Invok: Channel Magic     |       |       |       |     2 ||     2
Evoke: Lightning rod     |       |       |       |     4 ||     4
  Use: Scroll            |       |    13 |     9 |     3 ||    25
       Potion            |       |       |       |     2 ||     2
 Stab: Confused          |       |       |       |     2 ||     2
  Eat: Chunk             |     4 |    10 |    19 |    14 ||    47
       Ration            |       |       |     2 |     3 ||     5
Armor: Skin              |    26 |    44 |    57 |   101 ||   228
Dodge: Dodged            |    42 |    78 |    99 |   218 ||   437

Table legend:
 A = Non-vault XP
 B = Vault XP
 C = Vault XP percentage of total XP
 D = Non-vault monster count
 E = Vault monster count
 F = Vault count percentage of total count
                 A         B        C        D         E       F
            +---------+---------+-------+---------+---------+-------
      Total |   12358 |    5876 |  32.2 |     285 |      70 |  19.7
            +---------+---------+-------+---------+---------+-------
        D:1 |      71 |       0 |   0.0 |      32 |       0 |   0.0
        D:2 |      42 |      20 |  32.3 |      21 |       3 |  12.5
        D:3 |     302 |       0 |   0.0 |      39 |       0 |   0.0
        D:4 |     203 |     119 |  37.0 |      16 |       4 |  20.0
        D:5 |     419 |       0 |   0.0 |       9 |       0 |   0.0
        D:6 |     830 |     652 |  44.0 |      20 |      13 |  39.4
        D:7 |    1749 |     605 |  25.7 |      48 |       7 |  12.7
        D:8 |     740 |       0 |   0.0 |      22 |       0 |   0.0
        D:9 |    2716 |    1601 |  37.1 |      30 |      20 |  40.0
       D:10 |    3115 |    1179 |  27.5 |      25 |       4 |  13.8
       D:11 |    2171 |    1551 |  41.7 |      23 |      13 |  36.1
      Sewer |       0 |     149 | 100.0 |       0 |       6 | 100.0
            +---------+---------+-------+---------+---------+-------
